Workbook

Sheet Dashboard
A2: Voluntary Term | E2: Retirement Only | I2: Involuntary Term | M2: Total Exits
A3: ='Term Reason'!E4 -> 144 | E3: ='Term Reason'!F4 -> 79 | I3: ='Term Reason'!G4 -> 17 | M3: ='Term Reason'!H4 -> 240 | Q3: Target Goal: 90% | X3: CUPA FT Avg. - 86.1%
A6: Month | B6: ='Faculty Staff'!B81 -> Mar-23 | C6: ='Faculty Staff'!C81 -> Apr-23 | D6: ='Faculty Staff'!D81 -> May-23 | E6: ='Faculty Staff'!E81 -> Jun-23 | F6: ='Faculty Staff'!F81 -> Jul-23 | G6: ='Faculty Staff'!G81 -> Aug-23 | H6: ='Faculty Staff'!H81 -> Sep-23 | I6: ='Faculty Staff'!I81 -> Oct-23 | ... M6: ='Faculty Staff'!M81 -> Feb-24 | N6: 12 Month Totals
A7: Head Count | B7: ='Faculty Staff'!B82 -> 2101 | C7: ='Faculty Staff'!C82 -> 2104 | D7: ='Faculty Staff'!D82 -> 2098 | E7: ='Faculty Staff'!E82 -> 2072 | F7: ='Faculty Staff'!F82 -> 2012 | G7: ='Faculty Staff'!G82 -> 2111 | H7: ='Faculty Staff'!H82 -> 2123 | I7: ='Faculty Staff'!I82 -> 2137 | ... M7: ='Faculty Staff'!M82 -> 2130.5 | N7: =AVERAGE(B7:M7) -> 2109.2083 | O7: Avg Head count | T7: Retention: | W7: ='Faculty Staff'!P83 -> 0.88621323
A8: Exits | B8: ='Faculty Staff'!B77 -> 10 | C8: ='Faculty Staff'!C77 -> 19 | D8: ='Faculty Staff'!D77 -> 25 | E8: ='Faculty Staff'!E77 -> 20 | F8: ='Faculty Staff'!F77 -> 62 | G8: ='Faculty Staff'!G77 -> 21 | H8: ='Faculty Staff'!H77 -> 8 | I8: ='Faculty Staff'!I77 -> 12 | ... M8: ='Faculty Staff'!M77 -> 11 | N8: =SUM(B8:M8) -> 240 | O8: Exits
N11: Annual Turnover
N12: =N8/N7 -> 0.11378677
N15: Without Retirees
N16: =(N8-E3)/N7 -> 0.076331957
N19: Retirees Only
N20: =('Term Reason'!F4/Dashboard!N7) -> 0.037454811
N23: Est. Cost @$6,500pp
N24: ='Term Reason'!H4*6500 -> 1560000
X27: Average Age
Y28: =AVERAGE('ODPROD Edited Report'!U2:U178) -> 46.59887

Sheet Faculty Staff
G2: Table for Gas Gauge
A4: Row Labels | B4: Count of M_NUMBER | G4: Red Yellow Green | H4: retention Percent
A5: Faculty | B5: 54 | G5: 70 | H5: 88.62 | I5: *Manually entered from calculation below.
A6: 2023 | B6: 44 | G6: 20 | H6: 1
A7: 2024 | B7: 10 | G7: 10 | H7: =200-H5-H6 -> 110.38
A8: Qtr1 | B8: 10 | G8: 100
A9: Jan | B9: 10
A10: Staff | B10: 186
A11: 2023 | B11: 157
A12: 2024 | B12: 29
A13: Qtr1 | B13: 29
A14: Jan | B14: 18
A15: Feb | B15: 11
A16: Grand Total | B16: 240
A74: Column1 | B74: Mar-23 | C74: Apr-23 | D74: May-23 | E74: Jun-23 | F74: Jul-23 | G74: Aug-23 | H74: Sep-23 | I74: Oct-23 | J74: Nov-23 | K74: Dec-23 | L74: Jan-24 | M74: Feb-24
A75: Staff | B75: 7 | C75: 19 | D75: 23 | E75: 18 | F75: 27 | G75: 21 | H75: 8 | I75: 12 | J75: 7 | K75: 15 | L75: 18 | M75: 11
A76: Faculty | B76: 3 | D76: 2 | E76: 2 | F76: 35 | K76: 2 | L76: 10 | M76: 0
A77: Total | B77: =SUBTOTAL(109,B75:B76) -> 10 | C77: =SUM(C75:C76) -> 19 | D77: =SUM(D75:D76) -> 25 | E77: =SUBTOTAL(109,E75:E76) -> 20 | F77: =SUBTOTAL(109,F75:F76) -> 62 | G77: =SUM(G75:G76) -> 21 | H77: =SUM(H75:H76) -> 8 | I77: =SUM(I75:I76) -> 12 | J77: =SUM(J75:J76) -> 7 | K77: =SUM(K75:K76) -> 17 | L77: =SUM(L75:L76) -> 28 | M77: =SUM(M75:M76) -> 11
A81: Month | B81: Mar-23 | C81: Apr-23 | D81: May-23 | E81: Jun-23 | F81: Jul-23 | G81: Aug-23 | H81: Sep-23 | I81: Oct-23 | J81: Nov-23 | K81: Dec-23 | L81: Jan-24 | M81: Feb-24 | P81: YTD
A82: Average Head Count | B82: 2101 | C82: 2104 | D82: 2098 | E82: 2072 | F82: 2012 | G82: 2111 | H82: 2123 | I82: 2137 | J82: 2143 | K82: 2142.5 | L82: 2136.5 | M82: 2130.5 | O82: Average Headcount | P82: =AVERAGE(B82:M82) -> 2109.2083
A83: Retention | B83: =B82-B84 -> 2091 | C83: =C82-C84 -> 2085 | D83: =D82-D84 -> 2073 | E83: =E82-E84 -> 2052 | F83: =F82-F84 -> 1950 | G83: =G82-G84 -> 2090 | H83: =H82-H84 -> 2115 | I83: =I82-I84 -> 2125 | ... M83: =M82-M84 -> 2119.5 | O83: Retention Percent | P83: =(P82-P84)/P82 -> 0.88621323 | Q83: *Calculates here, manually type percentage into gas guage above.
A84: Exits | B84: =B77 -> 10 | C84: =C77 -> 19 | D84: =D77 -> 25 | E84: =E77 -> 20 | F84: =F77 -> 62 | G84: =G77 -> 21 | H84: =H77 -> 8 | I84: =I77 -> 12 | ... M84: =M77 -> 11 | O84: Total Exits | P84: =SUM(B84:M84) -> 240
A88: *When adding a new month, copy paste 11 months of bottom table/chart over to column B, then copy and paste last 11 months of top chart over to column B. Name the last column (M) for current month. On bottom chart, should only need to add in average head count from monthly ARGOS turnover report. On top chart, should only need to enter staff and faculty from pivot table above.

Sheet ODSPROD - Turnover - EEOC 
A1: EEO_SKILL | B1: EEO_SKILL_DESC | C1: EMPL_START_COUNT | D1: EMPL_END_COUNT | E1: AVE_EMPLOYEES
A2: 10 | B2: Executive/Admin and managerial | C2: 78 | D2: 78 | E2: 78
A3: 15 | B3: First Level Managers | C3: 42 | D3: 41 | E3: 41.5
A4: 20 | B4: Faculty | C4: 779 | D4: 779 | E4: 779
A5: 30 | B5: Other professionals | C5: 611 | D5: 613 | E5: 612
A6: 40 | B6: Technical and paraprofessional | C6: 117 | D6: 118 | E6: 117.5
A7: 50 | B7: Clerical and secretarial | C7: 258 | D7: 257 | E7: 257.5
A8: 60 | B8: Skilled crafts | C8: 59 | D8: 60 | E8: 59.5
A9: 70 | B9: Service/Maintenance | C9: 187 | D9: 184 | E9: 185.5
A10: 80 | B10: Instruction/research assistant | C10: 0 | D10: 0 | E10: 0
A11: 90 | B11: Other | C11: 0 | D11: 0 | E11: 0
A12: A0 | B12: Other administrative | C12: 0 | D12: 0 | E12: 0
C13: =SUBTOTAL(109,Table1[EMPL_START_COUNT]) -> 2131 | D13: =SUBTOTAL(109,Table1[EMPL_END_COUNT]) -> 2130 | E13: =SUBTOTAL(109,Table1[AVE_EMPLOYEES]) -> 2130.5
A15: *Update from ARGOS monthly Turnover report ran or export from report to table.

Sheet Turnover by skill code
A2: EFF_DATE | B2: (All)
A4: Row Labels | B4: Count of M_NUMBER
A5: 10 | B5: 4
A6: 15 | B6: 1
A7: 20 | B7: 55
A8: 30 | B8: 75
A9: 40 | B9: 21
A10: 50 | B10: 41
A11: 60 | B11: 8
A12: 70 | B12: 35
A13: (blank)
A14: Grand Total | B14: 240
A15: Skill code | B15: Skill Code Description | C15: average # of Employees | D15: # of Terms | E15: Turn over %
A16: A0 | B16: Other administrative | C16: 0 | D16: 0 | E16: 0
A17: 90 | B17: Other | C17: 0 | D17: 0 | E17: 0
A18: 80 | B18: Instruction/research assistant | C18: 0 | D18: 0 | E18: 0
A19: 70 | B19: Service/Maintenance | C19: 185.5 | D19: 35 | E19: =D19/C19 -> 0.18867925
A20: 60 | B20: Skilled crafts | C20: 59.5 | D20: 8 | E20: =D20/C20 -> 0.13445378
A21: 50 | B21: Clerical and secretarial | C21: 257.5 | D21: 41 | E21: =D21/C21 -> 0.1592233
A22: 40 | B22: Technical and paraprofessional | C22: 117.5 | D22: 21 | E22: =D22/C22 -> 0.1787234
A23: 30 | B23: Other professionals | C23: 612 | D23: 75 | E23: =D23/C23 -> 0.12254902
A24: 20 | B24: Faculty | C24: 779 | D24: 55 | E24: =D24/C24 -> 0.070603338
A25: 15 | B25: First Level Managers | C25: 41.5 | D25: 1 | E25: =D25/C25 -> 0.024096386
A26: 10 | B26: Executive/Admin and managerial | C26: 78 | D26: 4 | E26: =D26/C26 -> 0.051282051
C27: =SUBTOTAL(109,Table3[average '# of Employees ]) -> 2130.5 | D27: =SUBTOTAL(109,Table3['# of Terms]) -> 240
A31: *Update this bottom table with average # of Employees skill code information from the monthly ARGOS Turnover Report ran; update #of Terms from the above pivot table.

Sheet 10 Year Annual Turnover
A1: Annual Turnover
A2: Period | B2: Including Retirees | C2: Excluding Retirees | D2: Exits
A3: July 2009-June 2010 | B3: 0.072 | D3: 157
A4: 2011 | B4: 0.087 | D4: 187
A5: 2012 | B5: 0.1074 | C5: 0.0625 | D5: 230
A6: 2013 | B6: 0.0832 | C6: 0.0615 | D6: 180
A7: 2014 | B7: 0.0814 | C7: 0.0587 | D7: 179
A8: 2015 | B8: 0.0953 | C8: 0.0687 | D8: 212
A9: 2016 | B9: 0.1037 | C9: 0.0699 | D9: 233
A10: 2017 | B10: 0.0955 | C10: 0.0586 | D10: 215
A11: 2018 | B11: 0.0928 | C11: 0.0641 | D11: 207
A12: 2019 | B12: 0.0999 | C12: 0.0675 | D12: 222
A13: 2020 | B13: 0.1142 | C13: 0.0739 | D13: 249
A14: 2021 | B14: 0.1034 | C14: 0.0625 | D14: 220
A15: 2022 | B15: 0.1351 | C15: 0.0975 | D15: 287
A16: 2023 | B16: 0.122 | C16: 0.091 | D16: 256
A17: Average | B17: =AVERAGE(B5:B16) -> 0.102825 | C17: =AVERAGE(C5:C16) -> 0.0697 | D17: =AVERAGE(D5:D16) -> 224.16667
A21: *Do we want to updated this number each month, or leave the number as what we were reporting as "annual" turnover October 10th?

Sheet Term Reason
A2: EFF_DATE | B2: (All)
E3: Voluntary Term (includes retirement) | F3: Retirement Only | G3: Involuntary termination | H3: Total exits
A4: Row Labels | B4: Count of M_NUMBER | E4: =GETPIVOTDATA("M_NUMBER",$A$4,"POSITION_CHANGE_REASON_DESC2","Resignation") -> 144 | F4: =GETPIVOTDATA("M_NUMBER",$A$3,"POSITION_CHANGE_REASON_DESC2","Retirement Voluntary") -> 79 | G4: =GETPIVOTDATA("M_NUMBER",$A$3,"POSITION_CHANGE_REASON_DESC2","Involuntary Term") -> 17 | H4: =E4+F4+G4 -> 240
A5: Resignation | B5: 144
A6: Resignation Accepted Other Emp | B6: 51
A7: Resignation Job Dissatisfaction | B7: 2
A8: Resignation Other | B8: 1
A9: Resignation Personal | B9: 13
A10: Resignation Relocation | B10: 6
A11: Resignation Return School | B11: 5
A12: Resignation Undtd Reason | B12: 66
A13: Retirement Voluntary | B13: 79
A14: Retirement Voluntary | B14: 79
A15: Involuntary Term | B15: 17
A16: Term Expiration Appointment | B16: 2
... A21: Grand Total | B21: 240

Sheet Age
A2: POSITION_CHANGE_REASON_DESC | B2: (Multiple Items)
A3: EFF_DATE | B3: (All)
A5: Row Labels | B5: Count of M_NUMBER
A6: 19-28 | B6: 33
A7: 29-38 | B7: 47
A8: 39-48 | B8: 44
A9: 49-58 | B9: 34
A10: 59-68 | B10: 68
A11: 69-78 | B11: 14
A12: Grand Total | B12: 240

Sheet Cost Center
A2: POSITION_CHANGE_REASON_DESC | B2: (All)
A3: EFF_DATE | B3: (All)
A5: Row Labels | B5: Count of M_NUMBER
A6: College of Humanities and Public Affairs | B6: 2
A7: Legal Affairs and Compliance | B7: 2
A8: College of Arts and Letters | B8: 3
A9: Library | B9: 3
A10: Information Services | B10: 4
A11: University Advancement | B11: 6
A12: Community and Global Partnerships | B12: 6
A13: College of Agriculture | B13: 7
A14: Executive Vice President | B14: 8
A15: Offices under Provost | B15: 9
A16: College of Business | B16: 11
A17: College of Natural and Applied Sciences | B17: 12
... A25: Grand Total | B25: 240

Sheet Resignation Reason
A2: EFF_DATE | B2: (All)
A4: Row Labels | B4: Count of M_NUMBER | C4: Average of YEARS_OF_SERVICE
A5: Resignation Other | B5: 1 | C5: 0
A6: Resignation Job Dissatisfactio | B6: 2 | C6: 1
A7: Resignation Return School | B7: 5 | C7: 1
A8: Resignation Relocation | B8: 6 | C8: 3.8333333
A9: Resignation Personal | B9: 13 | C9: 3.8461538
A10: Resignation Accepted Other Emp | B10: 51 | C10: 4.745098
A11: Resignation Undtd Reason | B11: 66 | C11: 2.8333333
A12: Grand Total | B12: 144 | C12: 3.5347222

Sheet ODPROD Edited Report
